NWL (28 & UNDER)
CULVER CITY EXTRAS @ RIVERSIDE RED BULLS
09/07/2025
 
TOP OF THE 1ST
Culver City Extras batting - Pitching for Riverside Red Bulls : RHP Emery Graham
Pitching: RHP Emery Graham
Batting: RHB Jesús Hernández 0-0: Foul Ball, location: 2F
0-1: Ball
1-1: Foul Ball, location: 2F
1-2: Strikes out swinging
Batting: LHB Nick English 0-0: Called Strike
0-1: Ball
1-1: Called Strike
1-2: Foul Ball, location: 2F
1-2: Ground out 4-3 (Groundball, 4)
Batting: LHB Tanyu Imai 0-0: Ball
1-0: Called Strike
1-1: Ball
2-1: Ball
3-1: Base on Balls
Batting: RHB Bob Magee 0-0: Called Strike
Tanyu Imai steals 2nd base
0-1: Ground out 6-3 (Groundball, 56)
Top of the 1st over - 0 run(s), 0 hit(s), 0 error(s), 1 left on base; Culver City 0 - Riverside 0
BOTTOM OF THE 1ST
Riverside Red Bulls batting - Pitching for Culver City Extras : RHP Diego González
Pitching: RHP Diego González
Batting: RHB Emílio Bruno 0-0: Ball
1-0: Foul Ball, location: 2F
1-1: Fly out, F8 (Flyball, 8RM)
Batting: RHB Pedro Mata 0-0: Ball
1-0: Ground out 5-3 (Groundball, 5L)
Batting: LHB Paco Rivera 0-0: Called Strike
0-1: Ball
1-1: Ball
2-1: Fly out, F5 (Popup, 5F)
Bottom of the 1st over - 0 run(s), 0 hit(s), 0 error(s), 0 left on base; Culver City 0 - Riverside 0
TOP OF THE 2ND
Culver City Extras batting - Pitching for Riverside Red Bulls : RHP Emery Graham
Batting: RHB Ben Alexander 0-0: Ball
1-0: Called Strike
1-1: Ball
2-1: Ball
3-1: Swinging Strike
3-2: Foul Ball, location: 2F
3-2: Fly out, F9 (Flyball, 9S)
Batting: RHB Lorne Witcher 0-0: Ball
1-0: SINGLE (Line Drive, 4D)
Batting: LHB Richard Bell 0-0: Called Strike
0-1: Grounds into double play, 6-4-3 (Groundball, 6M)
Top of the 2nd over - 0 run(s), 1 hit(s), 0 error(s), 0 left on base; Culver City 0 - Riverside 0
BOTTOM OF THE 2ND
Riverside Red Bulls batting - Pitching for Culver City Extras : RHP Diego González
Batting: RHB Earnest Finnegan 0-0: Called Strike
0-1: Fly out, F5 (Line Drive, 5)
Batting: RHB Soshu Nakamura 0-0: Swinging Strike
0-1: Foul Ball, location: 2F
0-2: Strikes out swinging
Batting: LHB Mike Petersen 0-0: Ball
1-0: Called Strike
1-1: Ball
2-1: Ball
3-1: Base on Balls
Batting: RHB Brandon Pope 0-0: Called Strike
0-1: Foul Ball, location: 2F
0-2: Strikes out looking
Bottom of the 2nd over - 0 run(s), 0 hit(s), 0 error(s), 1 left on base; Culver City 0 - Riverside 0
TOP OF THE 3RD
Culver City Extras batting - Pitching for Riverside Red Bulls : RHP Emery Graham
Batting: LHB Brian Ford 0-0: Ball
1-0: Foul Ball, location: 2F
1-1: Ball
2-1: Ball
3-1: Swinging Strike
3-2: Strikes out looking
Batting: RHB Dave Anderson 0-0: Called Strike
0-1: Ball
1-1: Bunt missed!
1-2: Hit by Pitch
Batting: RHB Jesús Hernández 0-0: Called Strike
0-1: Foul Ball, location: 2F
0-2: Ball
1-2: Ball
2-2: Strikes out swinging
Batting: LHB Nick English 0-0: Ball
1-0: Foul Ball, location: 2F
1-1: Ball
2-1: Foul Ball, location: 2F
2-2: Ball
3-2: Foul Ball, location: 2F
3-2: Ground out 1-3 (Groundball, 15)
Top of the 3rd over - 0 run(s), 0 hit(s), 0 error(s), 1 left on base; Culver City 0 - Riverside 0
BOTTOM OF THE 3RD
Riverside Red Bulls batting - Pitching for Culver City Extras : RHP Diego González
Batting: RHB Fernando Gálvez 0-0: Ball
1-0: Foul Ball, location: 2F
1-1: Foul Ball, location: 2F
1-2: Strikes out swinging
Batting: SHB Carlos Bórquez 0-0: Ball
1-0: Foul Ball, location: 2F
1-1: Swinging Strike
1-2: Ball
2-2: Strikes out swinging
Batting: RHB Emílio Bruno 0-0: Ball
1-0: Fly out, F4 (Popup, 4MD)
Bottom of the 3rd over - 0 run(s), 0 hit(s), 0 error(s), 0 left on base; Culver City 0 - Riverside 0
TOP OF THE 4TH
Culver City Extras batting - Pitching for Riverside Red Bulls : RHP Emery Graham
Batting: LHB Tanyu Imai 0-0: Ball
1-0: Called Strike
1-1: Foul Ball, location: 2F
1-2: Ball
2-2: Ball
3-2: SINGLE (Groundball, 34S)
Batting: RHB Bob Magee 0-0: Ball
1-0: Called Strike
1-1: Ball
2-1: Swinging Strike
2-2: Ball
3-2: Foul Ball, location: 2F
3-2: Foul Ball, location: 2F
3-2: Foul Ball, location: 2F
3-2: Base on Balls
Tanyu Imai to second
Batting: RHB Ben Alexander 0-0: Ball
1-0: Foul Ball, location: 2F
1-1: Ball
2-1: Called Strike
2-2: Ball
3-2: Foul Ball, location: 2F
3-2: Ground out 1-3 (Groundball, 15)
Tanyu Imai to third
Bob Magee to second
Batting: RHB Lorne Witcher 0-0: Ball
1-0: Called Strike
1-1: Swinging Strike
1-2: Ball
2-2: Strikes out swinging
Pitching: RHP Carlos Martínez
Batting: LHB Richard Bell 0-0: Ball
1-0: SINGLE (Groundball, 56D) (infield hit)
Tanyu Imai scores
Bob Magee to third
Batting: LHB Brian Ford 0-0: Ball
1-0: Fly out, F8 (Flyball, 8LM)
Top of the 4th over - 1 run(s), 2 hit(s), 0 error(s), 2 left on base; Culver City 1 - Riverside 0
BOTTOM OF THE 4TH
Riverside Red Bulls batting - Pitching for Culver City Extras : RHP Diego González
Batting: RHB Pedro Mata 0-0: Ball
1-0: Foul Ball, location: 2F
1-1: Foul Ball, location: 2F
1-2: SOLO HOME RUN (Flyball, 78XD), Distance : 408 ft
Batting: LHB Paco Rivera 0-0: Called Strike
0-1: Fly out, F5 (Line Drive, 5S)
Batting: RHB Earnest Finnegan 0-0: Called Strike
0-1: Ball
1-1: SINGLE (Groundball, 4M)
Batting: RHB Soshu Nakamura 0-0: Fly out, F9 (Popup, 34D)
Batting: LHB Mike Petersen 0-0: Ball
1-0: Swinging Strike
1-1: Called Strike
1-2: Strikes out looking
Bottom of the 4th over - 1 run(s), 2 hit(s), 0 error(s), 1 left on base; Culver City 1 - Riverside 1
TOP OF THE 5TH
Culver City Extras batting - Pitching for Riverside Red Bulls : RHP Carlos Martínez
Batting: RHB Dave Anderson 0-0: Ball
1-0: Ball
2-0: Called Strike
2-1: Called Strike
2-2: Strikes out looking
Batting: RHB Jesús Hernández 0-0: Foul Ball, location: 2F
0-1: Ball
1-1: Called Strike
1-2: Strikes out swinging
Batting: LHB Nick English 0-0: Called Strike
0-1: Foul Ball, location: 2F
0-2: Foul Ball, location: 2F
0-2: Ball
1-2: Strikes out swinging
Top of the 5th over - 0 run(s), 0 hit(s), 0 error(s), 0 left on base; Culver City 1 - Riverside 1
BOTTOM OF THE 5TH
Riverside Red Bulls batting - Pitching for Culver City Extras : RHP Diego González
Batting: RHB Brandon Pope 0-0: Swinging Strike
0-1: Ball
1-1: Ball
2-1: Ground out 6-3 (Groundball, 6)
Batting: RHB Fernando Gálvez 0-0: Swinging Strike
0-1: Foul Ball, location: 2F
0-2: Foul Ball, location: 2F
0-2: Ball
1-2: Ball
2-2: Ball
3-2: Strikes out swinging
Batting: SHB Carlos Bórquez 0-0: Called Strike
0-1: Ball
1-1: Ball
2-1: Foul Ball, location: 2F
2-2: Ball
3-2: Base on Balls
Batting: RHB Emílio Bruno 0-0: Fielders Choice at 2nd, U4 (Groundball, 4M)
Bottom of the 5th over - 0 run(s), 0 hit(s), 0 error(s), 1 left on base; Culver City 1 - Riverside 1
TOP OF THE 6TH
Culver City Extras batting - Pitching for Riverside Red Bulls : RHP Carlos Martínez
Batting: LHB Tanyu Imai 0-0: Ball
1-0: Foul Ball, location: 2F
1-1: Called Strike
1-2: Foul Ball, location: 2F
1-2: Strikes out swinging
Batting: RHB Bob Magee 0-0: Ball
1-0: Ball
2-0: Ball
3-0: Called Strike
3-1: SOLO HOME RUN (Flyball, 9D), Distance : 392 ft
Batting: RHB Ben Alexander 0-0: Ball
1-0: Ball
2-0: Foul Ball, location: 2F
2-1: Ground out U3 (Groundball, 3)
Batting: RHB Lorne Witcher 0-0: Reached on error, E4 (Groundball, 4)
Batting: LHB Richard Bell 0-0: Called Strike
0-1: Ball
1-1: Fly out, F7 (Flyball, 78D)
Top of the 6th over - 1 run(s), 1 hit(s), 1 error(s), 1 left on base; Culver City 2 - Riverside 1
BOTTOM OF THE 6TH
Riverside Red Bulls batting - Pitching for Culver City Extras : RHP Diego González
Batting: RHB Pedro Mata 0-0: Ball
1-0: Hit by Pitch
Batting: LHB Paco Rivera 0-0: Fly out, F5 (Popup, 5)
Batting: RHB Earnest Finnegan 0-0: Grounds into double play, 6-4-3 (Groundball, 6)
Bottom of the 6th over - 0 run(s), 0 hit(s), 0 error(s), 0 left on base; Culver City 2 - Riverside 1
TOP OF THE 7TH
Culver City Extras batting - Pitching for Riverside Red Bulls : RHP Carlos Martínez
Pitching: LHP Pedro Veláquez
Batting: LHB Brian Ford 0-0: Called Strike
0-1: Ground out 6-3 (Groundball, 6)
Batting: RHB Dave Anderson 0-0: Fly out, F2 (Popup, 2LF)
Batting: RHB Jesús Hernández 0-0: Called Strike
0-1: Ball
1-1: Ball
2-1: Swinging Strike
2-2: Strikes out swinging
Top of the 7th over - 0 run(s), 0 hit(s), 0 error(s), 0 left on base; Culver City 2 - Riverside 1
BOTTOM OF THE 7TH
Riverside Red Bulls batting - Pitching for Culver City Extras : RHP Diego González
Batting: RHB Soshu Nakamura 0-0: Called Strike
0-1: Ball
1-1: Ball
2-1: Fly out, F7 (Flyball, 7LD)
Batting: LHB Mike Petersen 0-0: Called Strike
0-1: Ball
1-1: Swinging Strike
1-2: Ball
2-2: Foul Ball, location: 2F
2-2: Foul Ball, location: 2F
2-2: Ball
3-2: Foul Ball, location: 2F
3-2: Fly out, F8 (Flyball, 8RD)
Batting: RHB Brandon Pope 0-0: Ball
1-0: Ball
2-0: Called Strike
2-1: Foul Ball, location: 2F
2-2: Strikes out swinging
Bottom of the 7th over - 0 run(s), 0 hit(s), 0 error(s), 0 left on base; Culver City 2 - Riverside 1
TOP OF THE 8TH
Culver City Extras batting - Pitching for Riverside Red Bulls : LHP Pedro Veláquez
Batting: LHB Nick English 0-0: Fly out, F5 (Popup, 56S)
Batting: LHB Tanyu Imai 0-0: Foul Ball, location: 2F
0-1: Ball
1-1: Fly out, F7 (Flyball, 78D)
Batting: RHB Bob Magee 0-0: Ball
1-0: Ground out 6-3 (Groundball, 6)
Top of the 8th over - 0 run(s), 0 hit(s), 0 error(s), 0 left on base; Culver City 2 - Riverside 1
BOTTOM OF THE 8TH
Riverside Red Bulls batting - Pitching for Culver City Extras : RHP Diego González
Now at 3B: Jesús Aquino
Batting: RHB Fernando Gálvez 0-0: Fly out, F7 (Flyball, 78S)
Batting: SHB Carlos Bórquez 0-0: Ball
1-0: Fly out, F5 (Popup, 25F)
Batting: RHB Emílio Bruno 0-0: Ball
1-0: Fly out, F6 (Popup, 6D)
Bottom of the 8th over - 0 run(s), 0 hit(s), 0 error(s), 0 left on base; Culver City 2 - Riverside 1
TOP OF THE 9TH
Culver City Extras batting - Pitching for Riverside Red Bulls : LHP Pedro Veláquez
Batting: RHB Ben Alexander 0-0: Ball
1-0: Called Strike
1-1: Called Strike
1-2: Ground out 4-3 (Groundball, 4)
Batting: RHB Lorne Witcher 0-0: SINGLE (Groundball, 34D)
Batting: LHB Richard Bell 0-0: Ball
1-0: Ground out 4-3 (Groundball, 4M)
Lorne Witcher to second
Pinch Hitting: LHB Larry Howard 0-0: Ball
1-0: Called Strike
1-1: Ball
2-1: Ball
3-1: Foul Ball, location: 2F
3-2: SINGLE (Groundball, 3L)
Lorne Witcher to third
Lorne Witcher scores
Batting: RHB Dave Anderson 0-0: Ball
1-0: Called Strike
1-1: Ball
2-1: Ball
3-1: Foul Ball, location: 2F
3-2: Strikes out swinging
Top of the 9th over - 1 run(s), 2 hit(s), 0 error(s), 1 left on base; Culver City 3 - Riverside 1
BOTTOM OF THE 9TH
Riverside Red Bulls batting - Pitching for Culver City Extras : RHP Diego González
Pitching: RHP Pedro Días
Now at 2B: Carlos Rodríguez
Batting: RHB Pedro Mata 0-0: Ball
1-0: Ball
2-0: Ball
3-0: Base on Balls
Batting: LHB Paco Rivera 0-0: Ball
1-0: Ball
2-0: Ball
3-0: Base on Balls
Pedro Mata to second
Batting: RHB Earnest Finnegan 0-0: Ball
1-0: Ball
Wild Pitch!
Pedro Mata to third
Paco Rivera to second
2-0: Called Strike
2-1: Foul Ball, location: 2F
2-2: Foul Ball, location: 2F
2-2: Strikes out looking
Batting: RHB Soshu Nakamura 0-0: Ball
1-0: Ball
2-0: Foul Ball, location: 2F
2-1: Ground out 4-3 (Groundball, 4)
Pedro Mata scores
Paco Rivera to third
Batting: LHB Mike Petersen 0-0: Ball
1-0: Ball
2-0: Called Strike
2-1: Called Strike
2-2: Ball
3-2: SINGLE (Line Drive, 9S)
Paco Rivera scores
Batting: RHB Brandon Pope 0-0: Fielders Choice at 2nd, 6-4 (Groundball, 6)
Bottom of the 9th over - 2 run(s), 1 hit(s), 0 error(s), 0 left on base; Culver City 3 - Riverside 3
TOP OF THE 10TH
Culver City Extras batting - Pitching for Riverside Red Bulls : LHP Pedro Veláquez
Pitching: LHP Stu Creichton
Batting: RHB Jesús Hernández 0-0: Ball
1-0: Called Strike
1-1: Foul Ball, location: 2F
1-2: Strikes out looking
Pinch Hitting: RHB Tony Cruz 0-0: Ball
1-0: Called Strike
1-1: Swinging Strike
1-2: Ball
2-2: Ball
3-2: Base on Balls
Pinch Hitting: RHB Max Alexander 0-0: Called Strike
0-1: Swinging Strike
0-2: Ball
1-2: Foul Ball, location: 2F
1-2: Foul Ball, location: 2F
1-2: Foul Ball, location: 2F
1-2: Ball
2-2: SINGLE (Groundball, 56)
Tony Cruz to second
Pinch Hitting: RHB Bill Little 0-0: Swinging Strike
0-1: Foul Ball, location: 2F
0-2: Ball
1-2: Ball
2-2: Ball
3-2: Ground out 5-3 (Groundball, 5S)
Tony Cruz to third
Max Alexander to second
Batting: RHB Ben Alexander 0-0: Called Strike
0-1: Called Strike
0-2: Ball
1-2: Ball
2-2: Ball
3-2: Foul Ball, location: 2F
3-2: Foul Ball, location: 2F
3-2: Base on Balls
Pinch Hitting: RHB Walton Smith 0-0: Ball
1-0: Ball
2-0: Fly out, F8 (Flyball, 8RXD)
Top of the 10th over - 0 run(s), 1 hit(s), 0 error(s), 3 left on base; Culver City 3 - Riverside 3
BOTTOM OF THE 10TH
Riverside Red Bulls batting - Pitching for Culver City Extras : RHP Pedro Días
Now at C: Bill Little
Now at 3B: Artie Pennington
Now in CF: Quincy Vance
Now in RF: Edmund Ross
Batting: RHB Fernando Gálvez 0-0: TRIPLE (Line Drive, 3L)
Pinch Hitting: RHB Bud Major 0-0: Ball
1-0: Squeeze Bunt - play home, runner scores, batter safe!
Fernando Gálvez scores
This league is powered by Out of the Park Baseball, the baseball management simulation game for PC, Mac and Linux
Tuesday, August 2nd, 2016 - OOTP Baseball 16.8 Build 38